 Dungeon Crawl Stone Soup version 0.27.1-1-g398f81649c (console) character file.

Game seed: 17345454147215634991

40 om the Vexing (level 3, -2/19 HPs)
             Began as a Vampire Enchanter on Sept 8, 2021.
             Slain by a quokka (3 damage)
             ... on level 2 of the Dungeon.
             The game lasted 00:04:14 (2688 turns).

om the Vexing (Vampire Enchanter)                   Turns: 2688, Time: 00:04:14

Health: -2/19      AC:  2    Str:  6 (8)  XL:     3   Next: 30%
Magic:  1/6        EV: 12    Int: 15 (17) God:
Gold:   99         SH:  0    Dex: 11 (14) Spells: 0/6 levels left

rFire    . . .     SeeInvis +   a - +1 dagger
rCold    + + .     Faith    .   (no shield)
rNeg     + + +     Spirit   .   b - +0 robe
rPois    ∞         Reflect  .   (no helmet)
rElec    .         Harm     .   (no cloak)
rCorr    .         Rampage  .   (no gloves)
Will     .....                  (no boots)
Stlth    ++++......             (no amulet)
HPRegen  0.00/turn              (no ring)
MPRegen  0.10/turn              (no ring)

@: very slightly contaminated, bloodless, inhibited regen
A: bloodless, fangs 3, see invisible, vampiric 2
a: Bat Form, Revivify


You were on level 2 of the Dungeon.
You visited 1 branch of the dungeon, and saw 3 of its levels.

You collected 99 gold pieces.

Inventory:

Hand Weapons
 a - a +1 dagger (weapon)
Armour
 b - a +0 robe (worn)
Jewellery
 c - an amulet of faith
Scrolls
 d - a scroll of fog
 f - a scroll of enchant armour {unknown}
 g - a scroll of magic mapping {unknown}
 h - a scroll of enchant weapon {unknown}
 i - a scroll of acquirement {unknown}
 l - a scroll of identify {unknown}
Potions
 j - a potion of attraction {unknown}
 k - a potion of degeneration
 m - a potion of lignification {unknown}


   Skills:
 * Level 3.6 Short Blades
 - Level 2.1 Dodging
 - Level 4.4 Stealth
 - Level 2.0 Spellcasting
 - Level 4.4 Hexes


You couldn't memorise any spells.
You knew the following spells:

 Your Spells              Type           Power      Damage    Failure   Level
a - Corona                Hex            15%        N/A       3%          1
b - Ensorcelled Hibernat  Hex/Ice        16%        N/A       14%         2
c - Confusing Touch       Hex            14%        N/A       11%         3

Your spell library contained the following spells:

 Spells                   Type           Power      Damage    Failure   Level
 Tukima's Dance           Hex            14%        N/A       11%         3
 Dazzling Flash           Conj/Hex       16%        N/A       26%         3


Dungeon Overview and Level Annotations

Branches:
Dungeon (3/15)

Altars:


Innate Abilities, Weirdness & Mutations

You do not regenerate when monsters are visible.
You are frail without blood (-20% HP).
You can heal yourself when you bite living creatures.
You are immune to poison.
You have razor-sharp teeth.
You have supernaturally acute eyesight. (SInv)
You are afflicted with vampirism and can become a bat while bloodless.


Message History

Aiming: Ensorcelled Hibernation (safe; 12% risk of failure)
Press: ? - help, Shift-Dir - straight line, f/p - worm
Aim: a worm (chance to affect: 50%)
The worm resists with some effort.
The worm closely misses you.
You hit the worm. You bite the worm, but do no damage.
The worm is lightly wounded.
The worm bites you.
You see here 22 stones.
A gnoll comes into view. It is wielding a +0 club.
A gnoll comes into view. It is wielding a +0 whip.
There is a stone staircase leading up here.
The quokka bites you but does no damage.
You climb upwards.
There is a stone staircase leading down here.
Casting: Ensorcelled Hibernation (safe; 12% risk of failure)
Confirm with . or Enter, or press ? or * to list all spells.
Aiming: Ensorcelled Hibernation (safe; 12% risk of failure)
Press: ? - help, Shift-Dir - straight line, f - worm
Aim: a worm (chance to affect: 50%)
The worm resists with some effort.
The quokka bites you. The worm closely misses you.
Casting: Ensorcelled Hibernation (safe; 12% risk of failure)
Confirm with . or Enter, or press ? or * to list all spells.
Aiming: Ensorcelled Hibernation (safe; 12% risk of failure)
Press: ? - help, Shift-Dir - straight line, f/p - worm
Aim: a worm (chance to affect: 50%)
You miscast Ensorcelled Hibernation.
You are very lightly contaminated with residual magic.
Nothing appears to happen.
The quokka bites you. The worm bites you but does no damage.
Casting: Ensorcelled Hibernation (safe; 12% risk of failure)
Confirm with . or Enter, or press ? or * to list all spells.
You don't have enough magic to cast this spell.
The quokka closely misses you. The quokka bites you.
You closely miss the quokka. Your bite misses the quokka. The worm bites you!
* * * LOW HITPOINT WARNING * * *
Okay, then.
It was a potion of degeneration.
There was something very wrong with that liquid.
You feel weakened.
You feel dopey.
You feel clumsy. The quokka bites you.
You die...

########### #.........###
#.........+.# #.........#.#
#.........#.#
#.........#'#########
#...................#
################w###..........#
....<..........r@# #..........#
#......)...####### #..........#
#..........# #..........#
#..........# ##'#########
#..........###### #.#
#...............#####'#######
#...............##..........#
................##..........#
.######'##########..........#
.# #....# #..........†...# .#
#....# #..............#


You could see a worm and a quokka.

Vanquished Creatures
  A worm (D:2)
  A dart slug (D:1)
  4 endoplasms
  3 goblins
  3 hobgoblins
  A kobold (D:1)
  4 quokkas
  5 ball pythons
  4 bats
  4 frilled lizards (D:2)
  3 rats
33 creatures vanquished.

Notes
Turn   | Place    | Note
-------+----------+-------------------------------------------
     0 | D:1      | om the Vampire Enchanter began the quest for the Orb.
     0 | D:1      | Reached XP level 1. HP: 13/13 MP: 3/3
    29 | D:1      | Found a faded altar of an unknown god.
   295 | D:1      | Reached XP level 2. HP: 14/15 MP: 3/5
   311 | D:1      | Learned a level 2 spell: Ensorcelled Hibernation
  1734 | D:2      | Gained mutation: You are afflicted with vampirism and can
                  | become a bat while bloodless. [Vampire growth]
  1734 | D:2      | Reached XP level 3. HP: 16/19 MP: 3/6
  1907 | D:2      | Learned a level 3 spell: Confusing Touch
  2688 | D:2      | Slain by a quokka

Illustrated notes

Levels and vault maps discovered:
D:1:      lemuel_arrival_funnel, layout_basic, ebering_ecumenical_altar_webs
D:2:      layout_basic, minmay_hedge_maze
D:3:      layout_rooms

Skill      XL: |  1  2 |
---------------+-------+-----
Short Blades   | 2 3 |  3.6
Dodging        | |  2.1
Stealth        | |  4.4
Spellcasting   | |  2.0
Hexes          | |  4.4

Action                   || total
-------------------------++-------
Melee: Dagger            ||   107
       Bite              ||     7
 Cast: Corona            ||     7
       Ensorcelled Hiber ||    14
 Abil: Exsanguinate      ||     1
  Use: Scroll            ||     2
       Potion            ||     1
 Stab: Sleeping          ||    17
       Distracted        ||     1
Armor: Robe              ||    12
Dodge: Dodged            ||    73
